 Dungeon Crawl Stone Soup version 0.24.0-1-gfbc8707 (webtiles) character file.

Game seed: 2486498912551599452, levelgen mode: deterministic

496 Cathelsopet the Insei (level 7, 0/45 HPs)
             Began as an Octopode Transmuter on Jan 3, 2020.
             Was a Follower of Kikubaaqudgha.
             Slain by a worker ant (7 damage)
             ... on level 5 of the Dungeon.
             The game lasted 00:33:19 (6076 turns).

Cathelsopet the Insei (Octopode Transmuter)         Turns: 6076, Time: 00:33:20

Health: 0/45       AC:  1    Str:  9    XL:     7   Next: 15%
Magic:  12/12      EV: 13    Int: 18    God:    Kikubaaqudgha [*.....]
Gold:   235        SH:  4    Dex: 12    Spells: 6/13 levels left

rFire    . . .     SeeInvis .     - Unarmed
rCold    . . .     Gourm    .   y - +0 buckler
rNeg     . . .     Faith    .   (helmet restricted)
rPois    .         Spirit   .   (no amulet)
rElec    .         Reflect  .   (no ring)
rCorr    .         Harm     .   (no ring)
MR       .....                  (no ring)
Stlth    ++........             (no ring)
HPRegen  0.15/turn              (no ring)
MPRegen  0.13/turn              (no ring)
                                (no ring)
                                (no ring)

@: no status effects
A: almost no armour, stealthy swim, amphibious, 8 rings, constrict 8, camouflage
1, gelatinous body 1
a: Receive Corpses, Renounce Religion


You were on level 5 of the Dungeon.
You worshipped Kikubaaqudgha.
Kikubaaqudgha was aware of your devotion.
You were hungry.

You visited 1 branch of the dungeon, and saw 5 of its levels.

You collected 235 gold pieces.

Inventory:

Hand Weapons
 b - a +4 hunting sling
Missiles
 a - 49 arrows
 g - 21 poisoned darts (quivered)
 h - 17 stones
Armour
 y - a +0 buckler (worn)
Jewellery
 n - an uncursed ring of poison resistance {unknown}
 p - a +2 ring of protection {unknown}
 r - a +3 ring of dexterity
 s - an uncursed ring of poison resistance {unknown}
Scrolls
 d - 4 scrolls of identify {unknown}
 f - a scroll of magic mapping {unknown}
 i - a scroll of enchant weapon {unknown}
 j - a scroll of noise {unknown}
 l - a scroll of blinking {unknown}
 m - 4 scrolls of remove curse {unknown}
 o - 2 scrolls of teleportation {unknown}
 q - a scroll of random uselessness {unknown}
 x - 2 scrolls of amnesia {unknown}
Potions
 e - a potion of magic {unknown}
 k - a potion of berserk rage {unknown}
 t - 2 potions of curing {unknown}
 u - a potion of mutation {unknown}
 v - a potion of degeneration {unknown}
 w - a potion of might {unknown}
 z - a potion of lignification {unknown}
 A - 2 potions of heal wounds {unknown}
 B - a potion of flight {unknown}
 C - a potion of experience {unknown}
 E - a potion of resistance {unknown}
Comestibles
 c - 4 rations


   Skills:
 + Level 2.1 Fighting
 + Level 2.6 Dodging
 + Level 1.4 Shields
 - Level 5.0 Unarmed Combat
 + Level 3.6 Spellcasting
 + Level 1.5 Necromancy
 + Level 3.6 Transmutations


You had 6 spell levels left.
You knew the following spells:

 Your Spells              Type           Power        Failure   Level  Hunger
a - Beastly Appendage     Tmut           ###...       4%          1    None
b - Sticks to Snakes      Tmut           ###.....     7%          2    ##.....
c - Spider Form           Tmut/Pois      #.........   28%         3    ###....
d - Pain                  Necr           #...         11%         1    None

Your spell library contained the following spells:

 Spells                   Type           Power        Failure   Level  Hunger
 Corpse Rot               Necr           N/A          17%         2    ##.....
 Sublimation of Blood     Necr           #.........   17%         2    ##.....
 Regeneration             Chrm/Necr      #.........   41%         3    ###....
 Ice Form                 Ice/Tmut       #.......     67%         4    ####...
 Blade Hands              Tmut           ###.......   77%         5    ######.


Dungeon Overview and Level Annotations

Branches:
Dungeon (5/15)
 Temple: D:4-7

Altars:
Ashenzari
Kikubaaqudgha
Vehumet


Innate Abilities, Weirdness & Mutations

You cannot wear most types of armour.
You are very stealthy in the water. (Stealth+)
You are amphibious.
You can wear up to eight rings at the same time.
You can use your tentacles to constrict eight enemies at once.
Your skin changes colour to match your surroundings (Stealth+).
Your rubbery body absorbs attacks. (AC +1, EV +1)


Message History

You start waiting.
You are feeling hungry.
h - 14 stones (gained 1)
h - 17 stones (gained 3) Done exploring.
There is a stone staircase leading down here.
You climb downwards.
A worker ant and an ogre come into view.
The ogre shouts!
The worker ant twitches its antennae in your direction.
The worker ant bites you.
The ogre hits you with a +0 giant club!!
Ouch! That really hurt!
You block the worker ant's attack.
There is a stone staircase leading up, spattered with blood here.
The ogre hits you with a +0 giant club!
* * * LOW HITPOINT WARNING * * *
The worker ant bites you!
You die...
Kikubaaqudgha rasps: "You have failed me!
Welcome... death!"

######
#a...#
#@O#
####
..S.o..


You could see an ogre and a worker ant.

Vanquished Creatures
  A scorpion (D:4)
  A howler monkey (D:5)
  A hound (D:4)
  An orc wizard (D:3)
  An iguana (D:4)
  2 worker ants (D:4)
  A hound skeleton (D:4)
  10 adders
  4 gnolls (D:4)
  An adder skeleton (D:4)
  4 worms
  5 dart slugs
  6 leopard geckos
  11 orcs (D:3)
  A ball python (D:2)
  6 giant cockroaches
  5 goblins
  6 hobgoblins
  7 jackals
  8 kobolds
  2 quokkas (D:2)
  7 bats
  8 frilled lizards
  2 leopard gecko skeletons (D:4)
  6 rats
107 creatures vanquished.

Vanquished Creatures (others)
  A human (D:2)
1 creature vanquished.

Grand Total: 108 creatures vanquished

Notes
Turn   | Place    | Note
-------+----------+-------------------------------------------
     0 | D:1      | Cathelsopet the Octopode Transmuter began the quest for the
                  | Orb.
     0 | D:1      | Reached XP level 1. HP: 13/13 MP: 3/3
    20 | D:1      | Reached XP level 2. HP: 6/18 MP: 5/5
   213 | D:1      | Learned a level 2 spell: Sticks to Snakes
   977 | D:1      | Reached XP level 3. HP: 19/23 MP: 4/6
  1430 | D:2      | Reached XP level 4. HP: 25/28 MP: 7/7
  1432 | D:2      | Reached skill level 4 in Unarmed Combat
  1711 | D:2      | Found an ancient bone altar of Kikubaaqudgha.
  1712 | D:2      | Noticed a human
  1716 | D:2      | Killed a human
  1718 | D:2      | Became a worshipper of Kikubaaqudgha
  1723 | D:2      | Learned a level 3 spell: Spider Form
  1978 | D:2      | Found a radiant altar of Vehumet.
  2043 | D:3      | Noticed an ogre
  2253 | D:3      | Reached XP level 5. HP: 26/33 MP: 9/9
  3568 | D:3      | Reached * piety under Kikubaaqudgha
  3568 | D:3      | Identified Kikubaaqudgha's Almanac of Darkness
                  | (Kikubaaqudgha gifted it to you on level 3 of the Dungeon)
  3568 | D:3      | Received a gift from Kikubaaqudgha
  3572 | D:3      | Learned a level 1 spell: Pain
  4133 | D:4      | Reached XP level 6. HP: 34/38 MP: 10/10
  4163 | D:4      | Found a shattered altar of Ashenzari.
  4925 | D:4      | Reached skill level 5 in Unarmed Combat
  4925 | D:4      | Reached skill level 1 in Necromancy
  5009 | D:4      | Reached skill level 1 in Shields
  5445 | D:4      | Reached XP level 7. HP: 29/45 MP: 12/12
  5792 | D:5      | Entered Level 5 of the Dungeon
  6076 | D:5      | Slain by a worker ant

Levels and vault maps discovered:
D:1:      dpeg_arrival_tiny_f, layout_loops_ring, hex_medium, eino_curves_02,
          chequers_serial_rivers_micro_e
D:2:      layout_rooms, lemuel_round_altar, tgw_kikubaaqudgha
D:3:      layout_basic, minmay_stone_trees_medium
D:4:      layout_cave_pods, evilmike_ruin_ashenzari
D:5:      lemuel_upstairs_altar, layout_basic, nicolae_tso_besieged_by_evil,
          first_ration

Skill      XL: |  1  2  3  4  5  6 |
---------------+-------------------+-----
Unarmed Combat | 4 5 |  5.0
Spellcasting   | 3 |  3.6
Transmutations | 3 |  3.6
Necromancy     | 1 |  1.5
Shields        | 1 |  1.4
Fighting       | 2 |  2.1
Dodging        | |  2.6

Action                   |  1- 3 |  4- 6 |  7- 9 || total
-------------------------+-------+-------+-------++-------
Melee: Unarmed           |    50 |    70 |     4 ||   124
       Constrict         |    17 |    19 |       ||    36
       Tentacles         |     8 |    13 |     2 ||    23
       Kick              |     7 |     4 |       ||    11
       Punch             |     1 |     2 |       ||     3
 Fire: Hunting sling     |    33 |   147 |    10 ||   190
Throw: Dart              |     1 |     8 |       ||     9
 Cast: Beastly Appendage |    11 |     4 |       ||    15
 Stab: Sleeping          |     3 |       |     1 ||     4
  Eat: Chunk             |     1 |     9 |     2 ||    12
       Ration            |       |     1 |       ||     1
Armor: Skin              |     6 |     4 |       ||    10
Dodge: Dodged            |    32 |    54 |    10 ||    96
Block: Buckler           |       |     5 |     3 ||     8
